 Dungeon Crawl Stone Soup version 0.22.1-6-g1668fe2c40 (webtiles) character file.

380 Jerry the Slasher (level 6, 12/48 HPs)
             Began as a Demonspawn Gladiator on Jan 30, 2019.
             Quit the game on level 5 of the Dungeon.
             The game lasted 00:13:24 (5375 turns).

Jerry the Slasher (Demonspawn Gladiator)            Turns: 5375, Time: 00:13:25

Health: 12/48      AC:  9    Str: 16    XL:     6   Next: 46%
Magic:  6/6        EV: 12    Int: 10    God:
Gold:   165        SH:  0    Dex: 14    Spells: 5/5 levels left

rFire    . . .     SeeInvis .   r - -2 short sword (curse)
rCold    + . .     Gourm    .   (no shield)
rNeg     . . .     Faith    .   s - +3 leather armour {rC+}
rPois    .         Spirit   .   (helmet restricted)
rElec    .         Reflect  .   (no cloak)
rCorr    .         Harm     .   (no gloves)
MR       .....                  o - +2 pair of boots
Stlth    +.........             (no amulet)
HPRegen  0.16/turn              (no ring)
MPRegen  0.10/turn              (no ring)

@: slowed, very slow
A: horns 1, powered by death 2
a: no special abilities


You were on level 5 of the Dungeon.
You were very hungry.

You visited 1 branch of the dungeon, and saw 5 of its levels.

You collected 165 gold pieces.

Inventory:

Hand Weapons
 a - a +1 long sword
 j - a -1 hunting sling
 r - a cursed -2 short sword (weapon)
Missiles
 d - 3 throwing nets (quivered)
 k - 31 sling bullets
Armour
 o - a +2 pair of boots (worn)
 s - a +3 leather armour of cold resistance (worn)
Wands
 m - a wand of iceblast (6)
 q - a wand of digging (6)
Scrolls
 e - 7 scrolls of identify
 g - a scroll of magic mapping
 l - a scroll of teleportation
Potions
 b - a potion of berserk rage {unknown}
 c - a potion of heal wounds {unknown}
 p - a potion of agility
Comestibles
 f - 5 rations


   Skills:
 + Level 4.3 Fighting
 + Level 4.4 Long Blades
 - Level 1.7 Throwing
 + Level 3.2 Armour
 - Level 2.6 Dodging


You had 5 spell levels left.
You didn't know any spells.
Your spell library was empty.

Dungeon Overview and Level Annotations

Branches:
Dungeon (5/15)
 Temple: D:4-7

Altars:
Dithmenos
Kikubaaqudgha
Nemelex Xobeh
Zin

Annotations:
D:5 Sigmund


Innate Abilities, Weirdness & Mutations

You have a pair of small horns on your head.
You regenerate health from kills.


Message History

* * * LOW HITPOINT WARNING * * *
Something hits you but does no damage. The orc wizard barely misses you.
Sigmund casts a spell at you.
You barely miss the orc wizard.
The orc wizard is moderately wounded.
The orc wizard hits you but does no damage.
The orc wizard barely misses you. Sigmund hits you but does no damage.
You hit the orc wizard. Your headbutt misses the orc wizard.
The orc wizard is heavily wounded.
The orc wizard mumbles some strange words.
The orc wizard blinks!
The orc barely misses you.
Something hits the orc.
Sigmund looks at you with fury.
Sigmund gestures wildly while chanting.
Sigmund flickers and vanishes!
The orc wizard is no longer moving quickly.
The orc wizard casts a spell at you. The magic dart hits you!
* * * LOW HITPOINT WARNING * * *
The orc closely misses you.
Are you sure you want to abandon this character and quit the game? (Confirm

## .### ..# ..# ###.# #.# #.#
...# #.# ........ #o# #..# #.#
.......# #@# #..# #.#
.>.....#########o# #..# #.#
...............#{#####..#####.#
...........................##.###
.........####.#########.##.##....
.........# #ยง# #### #.##..#.###
$........# ##.# ..... ..###.#.#..
.###.#...###..#.........# #...#.#
..........(.............# ##..#.#


You could see an orc wizard and an orc.

Vanquished Creatures
  3 hounds
  Ijyb (D:4)
  An iguana (D:4)
  Natasha (D:3)
  A mummy (D:4)
  6 adders (D:3)
  A gnoll (D:1)
  3 river rats (D:4)
  2 oozes (D:1)
  2 worms
  2 dart slugs
  3 leopard geckos
  An orc (D:3)
  3 giant cockroaches
  10 goblins
  8 hobgoblins
  11 jackals
  6 quokkas
  12 bats
  3 frilled lizards
  A goblin zombie (D:4)
  3 kobolds
  An orc zombie (D:4)
  7 rats
92 creatures vanquished.

Notes
Turn   | Place    | Note
-------+----------+-------------------------------------------
     0 | D:1      | Jerry the Demonspawn Gladiator began the quest for the Orb.
     0 | D:1      | Reached XP level 1. HP: 16/16 MP: 1/1
   151 | D:1      | Gained mutation: You have a pair of small horns on your
                  | head. [demonic ancestry]
   151 | D:1      | Reached XP level 2. HP: 11/22 MP: 2/2
   162 | D:1      | Reached skill level 1 in Armour
   434 | D:1      | Gained mutation: You regenerate a little health from kills.
                  | [demonic ancestry]
   434 | D:1      | Reached XP level 3. HP: 20/28 MP: 3/3
  1446 | D:2      | Reached XP level 4. HP: 34/34 MP: 4/4
  1669 | D:3      | Found a sparkling altar of Nemelex Xobeh.
  2014 | D:3      | Reached XP level 5. HP: 29/41 MP: 5/5
  2936 | D:3      | Found a glowing silver altar of Zin.
  2940 | D:3      | Found a shadowy altar of Dithmenos.
  2995 | D:4      | Noticed Natasha
  3022 | D:3      | Killed Natasha
  3245 | D:4      | Found a glowing drain.
  3265 | D:4      | Noticed a phantom
  3505 | D:4      | Found an ancient bone altar of Kikubaaqudgha.
  3829 | D:4      | Gained mutation: You regenerate health from kills. [demonic
                  | ancestry]
  3829 | D:4      | Reached XP level 6. HP: 26/48 MP: 6/6
  4779 | D:4      | Noticed Ijyb
  4816 | D:4      | Killed Ijyb
  4908 | D:4      | HP: 1/48 [iguana (9)]
  5271 | D:5      | Entered Level 5 of the Dungeon
  5344 | D:5      | Noticed Sigmund
  5375 | D:5      | Quit the game

Skill      XL: |  1  2  3  4  5  6 |
---------------+-------------------+-----
Long Blades    | 3 4 |  4.4
Armour         | 1 2 3 |  3.2
Fighting       | 3 4 |  4.3
Throwing       | |  1.7
Dodging        | |  2.6

Action                   |  1- 3 |  4- 6 || total
-------------------------+-------+-------++-------
Melee: Long sword        |    53 |       ||    53
       Headbutt          |    11 |    61 ||    72
       Short sword       |       |   369 ||   369
 Fire: Hunting sling     |    54 |     2 ||    56
Evoke: Wand              |       |     3 ||     3
  Use: Scroll            |     3 |     7 ||    10
       Potion            |       |     4 ||     4
 Stab: Sleeping          |       |     1 ||     1
       Distracted        |       |     1 ||     1
  Eat: Chunk             |     2 |     8 ||    10
       Ration            |       |     1 ||     1
Armor: Leather armour    |    19 |   147 ||   166
       Skin              |       |     3 ||     3
Dodge: Dodged            |    55 |   257 ||   312
       Rpst.: Long sword |    15 |       ||    15
